 Dungeon Crawl Stone Soup version 0.21.1-1-g345015f (webtiles) character file.

6559 VLARC the Summoner (level 10, -3/63 HPs)
             Began as a Mummy Summoner on Feb 25, 2018.
             Was an Initiate of Gozag.
             Slain by a slime creature (9 damage)
             ... on level 11 of the Dungeon.
             The game lasted 00:34:41 (14893 turns).

VLARC the Summoner (Mummy Summoner)                Turns: 14893, Time: 00:34:42

Health: -3/63      AC: 10    Str: 11    XL:     10   Next: 70%
Magic:  14/19      EV: 12    Int: 17    God:    Gozag
Gold:   1112       SH:  5    Dex: 18    Spells: 13/21 levels left

rFire    . . .     SeeInvis .   w - +5 long sword of Crusades {venom, +Blink rC+}
rCold    + + .     Gourm    .   o - +0 buckler
rNeg     + + +     Faith    .   q - +1 leather armour {rF+}
rPois    ∞         Spirit   .   l - +0 helmet
rElec    .         Reflect  .   (no cloak)
rCorr    .         Harm     .   y - +1 pair of gloves {archery}
MR       ++...                  f - +2 pair of boots
Stlth    ++........             (no amulet)
HPRegen  0.20/turn              g - ring of protection from magic
MPRegen  0.16/turn              v - +4 ring of dexterity

@: no status effects
A: no food or potions, fire vulnerability, cold resistance 1, negative energy
resistance 3, torment resistance, unbreathing
a: Potion Petition, Call Merchant, Bribe Branch, Renounce Religion, Evoke Blink


You were on level 11 of the Dungeon.
You worshipped Gozag.
Gozag was most pleased with you.
You were not hungry.

You visited 2 branches of the dungeon, and saw 12 of its levels.

You collected 1596 gold pieces.
You spent 238 gold pieces at shops.
You paid 246 gold pieces to Gozag.

Inventory:

Hand Weapons
 a - a cursed -2 spear
 n - a +1 dagger of pain
 p - a +3 hand axe of electrocution
 w - the +5 long sword of Crusades (weapon) {venom, +Blink rC+}
   (You bought it in a shop on level 6 of the Dungeon)

   It poisons the flesh of those it strikes.
   It protects you from cold.
   It lets you blink.
Missiles
 j - 276 stones (quivered)
 u - 30 sling bullets
Armour
 f - a +2 pair of boots (worn)
 l - a +0 helmet (worn)
 o - a +0 buckler (worn)
 q - a +1 leather armour of fire resistance (worn)
 y - a +1 pair of gloves of archery (worn)
Magical Staves
 z - an uncursed staff of wizardry
Jewellery
 g - a ring of protection from magic (left hand)
 v - a +4 ring of dexterity (right hand)
Wands
 r - a wand of random effects (33)
 s - a wand of flame (11)
 x - a wand of iceblast (6)
Scrolls
 c - 4 scrolls of identify
 d - 4 scrolls of magic mapping
 e - 3 scrolls of immolation
 h - 2 scrolls of enchant armour
 i - 6 scrolls of teleportation
 k - a scroll of fog
 m - 8 scrolls of remove curse
Books
 b - a book of Callings

   Spells                             Type                      Level
   a - Summon Small Mammal            Summoning                    1
   b - Call Imp                       Summoning                    2
   c - Call Canine Familiar           Summoning                    3
   d - Summon Guardian Golem          Hexes/Summoning              3
   e - Summon Lightning Spire         Summoning/Air                4
   f - Summon Ice Beast               Ice/Summoning                4


   Skills:
 + Level 0.0 Fighting
 - Level 6.0 Long Blades
 - Level 1.5 Dodging
 - Level 1.5 Stealth
 - Level 4.1 Shields
 - Level 6.1 Spellcasting
 - Level 8.0 Summonings
 - Level 8.0 Ice Magic


You had 13 spell levels left.
You knew the following spells:

 Your Spells              Type           Power        Failure   Level  Hunger
a - Summon Small Mammal   Summ           ####         1%          1    N/A
b - Call Canine Familiar  Summ           ####....     1%          3    N/A
c - Summon Ice Beast      Ice/Summ       ####....     6%          4    N/A

Dungeon Overview and Level Annotations

Branches:
Dungeon (11/15)            Temple (1/1) D:5
   Lair: D:8-11         Orc: D:9-12

Altars:
Ashenzari
Cheibriados
Elyvilon
Fedhas
Gozag
Kikubaaqudgha
Nemelex Xobeh
Ru
Vehumet
Wu Jian
Xom
Yredelemnul
The Shining One

Shops:
D:6 (   D:9 :*


Innate Abilities, Weirdness & Mutations

You do not eat or drink.
Your flesh is vulnerable to fire.
You are immune to poison.
Your flesh is cold resistant. (rC+)
You are immune to negative energy. (rN+++)
You are immune to unholy pain and torment.
You can survive without breathing.


Message History

There is a stone staircase leading down here.
The slime creature hits you!
The skeletal warrior hits you with a war axe!
* * * LOW HITPOINT WARNING * * *
You climb downwards.
A hippogriff comes into view.
Found 23 arrows.
There is a stone staircase leading up here.
You blink.
The skeletal warrior hits you with a war axe.
* * * LOW HITPOINT WARNING * * *
The hippogriff screeches!
Found a stone staircase leading up.
The hippogriff bites you.
* * * LOW HITPOINT WARNING * * *
The hippogriff barely misses you.
The hippogriff claws you but does no damage.
The slime creature hits you!
You die...
Your body crumbles into a pile of gold.

####......
#...(.........
#.............
#............
#..........#
#.........<+
#..........#
#<........#
#..HJ@....# $
#..z......+
#.#####...#
#.# ...... ..#
....# ..#
....# ..# ...#
$..#


You could see a skeletal warrior, a slime creature and a hippogriff.

Vanquished Creatures
  A slime creature (D:10)
  2 dream sheep (D:8)
  5 yaks
  A vampire (D:9)
  An orc warrior (D:8)
  A hornet zombie (D:9)
  An ice beast (D:10)
  6 centaurs
  2 big kobolds (D:8)
  3 bullfrogs
  4 scorpions
  6 wights
  4 killer bees (D:9)
  A howler monkey (D:8)
  4 hounds
  3 bullfrog skeletons
  A gnoll shaman (D:8)
  6 orc priests
  3 iguanas
  4 orc wizards
  5 worker ants
  A hound zombie (D:7)
  2 hound skeletons
  A worker ant zombie (D:8)
  A howler monkey zombie (D:5)
  6 gnolls
  3 adders
  3 oozes
  A worm (D:5)
  A dart slug (D:2)
  4 leopard geckos
  34 orcs
  2 ball pythons
  8 giant cockroaches
  4 goblins
  4 hobgoblins
  4 jackals (D:7)
  7 quokkas
  6 bats (D:1)
  8 frilled lizards
  A kobold (D:2)
  A quokka skeleton (D:4)
  5 rats
171 creatures vanquished.

Vanquished Creatures (collateral kills)
  A hydra (D:8)
  2 two-headed ogres (D:9)
  6 yaks
  A water moccasin (D:8)
  A sky beast (D:9)
  An ice beast (D:7)
  An orc warrior (D:7)
  2 phantoms (D:9)
  4 ogres
  A big kobold (D:8)
  A bullfrog (D:7)
  A scorpion (D:7)
  2 killer bees (D:9)
  A centaur zombie (D:7)
  A crimson imp (D:8)
  A hound (D:9)
  3 jellies
  An orc priest (D:7)
  5 orc wizards
  Terence (D:2)
  2 iguanas
  A worker ant (D:4)
  3 gnolls
  An adder (D:3)
  An adder skeleton (D:9)
  A dart slug (D:1)
  14 orcs
  A ball python (D:1)
  4 goblins
  2 hobgoblins
  2 jackals (D:7)
  3 bats (D:1)
  4 frilled lizards
  2 kobolds
  A leopard gecko skeleton (D:3)
  A leopard gecko zombie (D:8)
  A rat (D:1)
81 creatures vanquished.

Vanquished Creatures (others)
  An orc wizard (D:3)
1 creature vanquished.

Grand Total: 253 creatures vanquished

Notes
Turn   | Place    | Note
-------+----------+-------------------------------------------
     0 | D:1      | VLARC the Mummy Summoner began the quest for the Orb.
     0 | D:1      | Reached XP level 1. HP: 13/13 MP: 4/4
   661 | D:1      | Reached XP level 2. HP: 19/19 MP: 5/5
  1631 | D:1      | Reached XP level 3. HP: 22/24 MP: 4/7
  1709 | D:1      | Learned a level 3 spell: Call Canine Familiar
  2263 | D:2      | Found a white marble altar of Elyvilon.
  2390 | D:2      | Noticed Terence
  2409 | D:2      | Killed Terence
  2815 | D:3      | Reached XP level 4. HP: 20/30 MP: 4/8
  3192 | D:3      | Found a shattered altar of Ashenzari.
  3352 | D:3      | Reached skill level 5 in Summonings
  3363 | D:3      | Reached XP level 5. HP: 5/35 MP: 7/9
  3965 | D:3      | Found a shimmering altar of Xom.
  3966 | D:3      | Found a shimmering altar of Xom.
  3966 | D:3      | Found a shimmering altar of Xom.
  3967 | D:3      | Found a shimmering altar of Xom.
  4515 | D:4      | Learned a level 4 spell: Summon Ice Beast
  4574 | D:4      | Reached XP level 6. HP: 26/41 MP: 6/10
  5044 | D:4      | Found a radiant altar of Vehumet.
  5611 | D:5      | Entered Level 5 of the Dungeon
  5613 | D:5      | Found a blossoming altar of Fedhas.
  5979 | D:4      | Reached XP level 7. HP: 46/46 MP: 11/11
  5992 | D:5      | Reached skill level 1 in Ice Magic
  6015 | D:5      | Found a staircase to the Ecumenical Temple.
  6030 | Temple   | Entered the Ecumenical Temple
  6058 | Temple   | Became a worshipper of Gozag Ym Sagoz the Greedy
  7262 | D:6      | Found Umaiqovi's Antique Weapon Shoppe.
  7270 | D:6      | Bought an ancient long sword for 238 gold pieces
  7270 | D:6      | Identified the +5 long sword of Crusades {venom, +Blink rC+} (You bought it in a shop on level 6 of the Dungeon)
  7717 | D:6      | Found a sparkling altar of Nemelex Xobeh.
  8187 | D:7      | Found an ornate altar of the Wu Jian Council.
  8252 | D:7      | Reached XP level 8. HP: 47/52 MP: 8/12
  8435 | D:7      | Reached skill level 5 in Ice Magic
 10157 | D:8      | Reached skill level 1 in Long Blades
 10296 | D:8      | Reached XP level 9. HP: 35/57 MP: 5/13
 10896 | D:8      | Noticed a three-headed hydra
 10910 | D:8      | Reached skill level 5 in Long Blades
 11048 | D:8      | Killed a three-headed hydra
 11557 | D:8      | Reached skill level 1 in Shields
 12269 | D:9      | Reached XP level 10. HP: 42/63 MP: 3/14
 12652 | D:9      | Found a sacrificial altar of Ru.
 12663 | D:9      | Noticed a two-headed ogre
 12773 | D:9      | Killed a two-headed ogre
 12897 | D:9      | Noticed a two-headed ogre
 13156 | D:9      | Killed a two-headed ogre
 13505 | D:9      | Found Vakuymn's General Store.
 14040 | D:9      | Reached skill level 5 in Spellcasting
 14450 | D:9      | Found Wuosioch's Book Shoppe.
 14563 | D:10     | Entered Level 10 of the Dungeon
 14885 | D:10     | Noticed a skeletal warrior
 14886 | D:10     | Noticed a skeletal warrior
 14893 | D:11     | Slain by a slime creature

Skill      XL: |  1  2  3  4  5  6  7  8  9 10 |
---------------+-------------------------------+-----
Summonings     | 4 5 6 7 8 |  8.0
Ice Magic      | 4 7 8 |  8.0
Long Blades    | 2 6 |  6.0
Shields        | 3 4 |  4.1
Spellcasting   | 6 |  6.1
Dodging        | |  1.5
Stealth        | |  1.5

Action                   |  1- 3 |  4- 6 |  7- 9 | 10-12 || total
-------------------------+-------+-------+-------+-------++-------
Melee: Dagger            |   132 |       |       |       ||   132
       Unarmed           |     4 |       |       |       ||     4
       Hand axe          |    15 |   129 |    78 |       ||   222
       Long sword        |       |       |   206 |   112 ||   318
Throw: Stone             |       |     3 |     8 |     3 ||    14
 Cast: Summon Small Mamm |    21 |     1 |     2 |       ||    24
       Call Canine Famil |     5 |    21 |    37 |    14 ||    77
       Summon Ice Beast  |       |       |    24 |    27 ||    51
Invok: Potion Petition   |       |       |     1 |     1 ||     2
 Abil: Evoke Blink       |       |       |       |     2 ||     2
  Use: Scroll            |       |       |     8 |     1 ||     9
 Stab: Sleeping          |     2 |       |     4 |     1 ||     7
       Distracted        |     1 |     1 |       |     5 ||     7
Armor: Robe              |    67 |     3 |       |       ||    70
       Leather armour    |       |    52 |   120 |    42 ||   214
Dodge: Dodged            |   146 |    60 |   215 |    51 ||   472
Block: Buckler           |       |       |       |    25 ||    25
       Rpst.: Long sword |       |       |    42 |    15 ||    57
